 Dungeon Crawl Stone Soup version 0.29.1-12-g30fa7ad0bf (webtiles) character file.

Game seed: 4488026061908960542

58788 cheesebisquit the Warrior (level 14, -2/198 (210) HPs)
             Began as a Minotaur Berserker on Dec 13, 2022.
             Was an Elder of Trog.
             Killed by divine providence
             ... invoked by an orc priest
              (12 damage)
             ... on level 2 of the Orcish Mines.
             The game lasted 01:42:30 (21659 turns).

cheesebisquit the Warrior (Minotaur Berserker)     Turns: 21659, Time: 01:42:30

HP:   -2/198 (210)  AC: 20    Str: 33    XL:     14   Next: 50%
MP:   0/13          EV: 11    Int:  4    God:    Trog [****..]
Gold: 1161          SH:  0    Dex: 10    Spells: 13/13 levels left

rFire   . . .      SeeInvis .   M - +0 battleaxe
rCold   . . .      Faith    .   (shield currently unavailable)
rNeg    . . .      Spirit   +   e - +0 plate armour
rPois   .          Reflect  .   (helmet restricted)
rElec   .          Harm     .   K - +0 cloak
rCorr   .          Rampage  .   o - +0 pair of gloves
Will    +++..                   m - +1 pair of boots
Stlth   ..........              z - amulet of guardian spirit
HPRegen 1.43/turn               P - +6 ring of strength
MPRegen 0.13/turn               R - ring of flight

@: mighty, berserking, strong-willed, corroded, flying, regenerating, drained,
very quick
A: horns 2, retaliatory headbutt
a: Renounce Religion, Berserk, Trog's Hand, Brothers in Arms


You were on level 2 of the Orcish Mines.
You worshipped Trog.
Trog was greatly pleased with you.
You visited 3 branches of the dungeon, and saw 20 of its levels.

You collected 1581 gold pieces.
You spent 420 gold pieces at shops.

Inventory:

Hand Weapons
 a - a +6 hand axe of freezing
 b - a +1 sling
 M - a +0 battleaxe (weapon)
 U - a +4 scimitar of flaming
Missiles
 c - 58 poisoned darts
 p - 119 stones (quivered)
 x - 3 throwing nets
 D - 3 datura-tipped darts
 J - 2 curare-tipped darts
 O - a silver javelin
Armour
 e - a +0 plate armour (worn)
 m - a +1 pair of boots (worn)
 o - a +0 pair of gloves (worn)
 K - a +0 cloak (worn)
Jewellery
 z - an amulet of guardian spirit (around neck)
 F - an amulet of reflection
 P - a +6 ring of strength (left hand)
 R - a ring of flight (right hand)
 W - a ring of fire
 X - an amulet of the acrobat
Wands
 v - a wand of polymorph (3)
 B - a wand of iceblast (4)
 H - a wand of mindburst (26)
 I - a wand of flame (12)
 Y - a wand of acid (9)
Scrolls
 h - a scroll of brand weapon {unknown}
 i - 6 scrolls of fear
 k - 3 scrolls of fog
 t - 2 scrolls of poison
 w - 2 scrolls of torment {unknown}
 y - a scroll of immolation
 A - 2 scrolls of vulnerability
 C - a scroll of acquirement {unknown}
 E - 8 scrolls of teleportation
 G - 2 scrolls of magic mapping
 N - a scroll of enchant armour {unknown}
Potions
 d - 2 potions of invisibility
 f - 2 potions of brilliance {unknown}
 g - 6 potions of attraction
 j - 4 potions of might
 l - a potion of degeneration {unknown}
 n - a potion of resistance {unknown}
 q - 13 potions of curing
 r - a potion of cancellation {unknown}
 s - 3 potions of mutation
 u - a potion of ambrosia {unknown}
 L - 2 potions of lignification {unknown}
 Q - 4 potions of magic {unknown}
 S - a potion of berserk rage {unknown}
Miscellaneous
 V - a phial of floods


   Skills:
 + Level 17.3 Fighting
 + Level 16.1 Axes
 + Level 17.1 Armour
 + Level 7.6 Dodging
 + Level 5.7 Evocations


You had 13 spell levels left.
You didn't know any spells.
Your spell library was empty.

Dungeon Overview and Level Annotations

Branches:
Dungeon (13/15)            Temple (0/1) D:7            Lair (5/5) D:9
  Swamp (0/4) Lair:3        Snake (0/4) Lair:3        Slime (0/5) Lair:5
    Orc (2/2) D:10
    Elf: Orc:2       Vaults: D:13-14

Altars:
Ashenzari
Cheibriados
Dithmenos
Fedhas
Gozag
Hepliaklqana
Kikubaaqudgha
Nemelex Xobeh
Okawaru
Sif Muna
Trog
Uskayaw
Wu Jian
Zin

Shops:
D:2 :   D:5 :   D:9 !(   D:11 (   Orc:2 :

Annotations:
Orc:2 Saint Roka


Innate Abilities, Weirdness & Mutations

You have a pair of horns on your head.
You reflexively headbutt those who attack you in melee.


Message History

A red film seems to cover your vision as you go berserk!
You feel yourself moving faster!
You feel mighty! The ice devil closely misses you.
The orc high priest hits you from afar with a +0 glaive!
* * * LOW HITPOINT WARNING * * *
Saint Roka mumbles some strange prayers to Beogh against you.
Beogh smites you!
* * * LOW HITPOINT WARNING * * *
You closely miss the ice devil. Your headbutt misses the ice devil.
The ice devil is lightly wounded.
The ice devil hits you but does no damage.
The orc high priest hits you but does no damage.
Saint Roka calls down the wrath of Beogh upon you.
Beogh smites you!
* * * LOW HITPOINT WARNING * * *
An orc warrior comes into view. It is wielding a +0 mace.
The orc warrior shouts!
You slice the ice devil!!
The ice devil is severely wounded.
You barely miss the rust devil.
The ice devil hits you but does no damage.
The orc high priest hits you from afar with a +0 glaive.
* * * LOW HITPOINT WARNING * * *
Saint Roka invokes the aid of Beogh against you.
Beogh smites you!
* * * LOW HITPOINT WARNING * * *
The rust devil hits you. The rust devil corrodes you!
You hear a shout!
You are too berserk!
You slash the ice devil! You headbutt the ice devil!
The ice devil is almost dead.
You hit the rust devil. You slash the ice devil!
You feel the power of Trog in you as your rage grows.
You kill the ice devil!
The ice devil disappears in a puff of smoke!
You slash the rust devil!
The orc priest mumbles some strange prayers to Beogh against you.
Beogh smites you!
You die...

#.....)....... ..
#.........#... .o.
#....#.)..#... ....
##....#)....... ...o#
##....)))).....# ......
#.....)))......#
...o.o#####)...........#
......4.8).)..........##
.o...o§@)))).........##
._......).............#
.................#........
..........8.....#.......#
........#####...........
.o...... .........#.
#o....#. #.#.###...
#o....## ..## #8o.o8#


You could see Saint Roka, an orc high priest (strong), a rust devil (summoned),
3 orc warriors and an orc priest (strong).

Vanquished Creatures
  The ghost of TheSexyCheese the Cleaver, a journeyman HOFi of Gozag (Lair:3)
  A dire elephant (Lair:4)
  An ettin (Orc:2)
  2 centaur warriors
  Erica (Lair:1)
  8 hydras
  A merfolk avatar (Lair:5)
  A death yak (Lair:1)
  3 two-headed ogres
  Urug (D:12)
  2 sea snakes (Lair:5)
  2 lindwurms (Lair:2)
  Pikel (D:5)
  A harpy (Lair:4)
  A deep elf pyromancer (D:12)
  4 manticores
  3 orc knights
  3 orc sorcerers (Orc:2)
  2 ugly things (D:12)
  3 cyclopes
  16 elephants
  4 black mambas
  2 torpor snails
  16 cane toads
  2 gargoyles (D:12)
  A rime drake (Lair:5)
  5 komodo dragons
  A freezing wraith (D:12)
  4 trolls
  4 polar bears
  A wind drake (Lair:5)
  3 hornets
  A slime creature (D:12)
  4 dream sheep (Lair:5)
  Prince Ribbit (D:7)
  5 blink frogs
  A snapping turtle (Lair:5)
  3 wraiths (D:12)
  7 wyverns
  36 yaks
  Grum (D:8)
  2 shadows
  4 basilisks
  3 steam dragons
  2 acid dragons (D:12)
  A naga (Lair:3)
  3 wargs (D:10)
  2 swamp worms (D:7)
  11 water moccasins
  14 orc warriors
  4 sky beasts
  2 ice beasts
  8 black bears
  6 ogres
  7 wolves
  5 centaurs
  2 lemures (D:5)
  5 kobold brigands
  A gnoll sergeant (D:5)
  16 bullfrogs
  A necrophage (D:5)
  4 scorpions
  5 wights (D:6)
  7 killer bees
  3 electric eels (Lair:1)
  2 howler monkeys
  15 jellies
  19 orc priests
  Crazy Yiuf (D:7)
  2 hounds
  3 gnoll boudas
  2 iguanas
  16 orc wizards
  21 gnolls
  4 adders
  3 white imps
  An ufetubus (D:6)
  4 dart slugs
  48 orcs
  6 bats
  6 endoplasms
  9 giant cockroaches
  6 goblins
  13 hobgoblins
  11 jackals
  31 kobolds
  4 quokkas
  6 ball pythons
  2 frilled lizards
  5 rats
  A fungus (Lair:5)
519 creatures vanquished.

Vanquished Creatures (others)
  A dart slug (D:3)
  A kobold (D:10)
  41 fungi
  86 plants
129 creatures vanquished.

Grand Total: 648 creatures vanquished

Notes
Turn   | Place    | Note
-------+----------+-------------------------------------------
     0 | D:1      | cheesebisquit the Minotaur Berserker began the quest for
                  | the Orb.
     0 | D:1      | Reached XP level 1. HP: 19/19 MP: 0/0
   172 | D:1      | Reached XP level 2. HP: 27/27 MP: 1/1
   392 | D:1      | Reached XP level 3. HP: 33/33 MP: 2/2
   412 | D:1      | Reached ** piety under Trog
   624 | D:1      | Reached skill level 5 in Axes
   962 | D:2      | Found Daucvat's Book Shoppe.
  1296 | D:2      | Identified the +2 leather armour "Taleqy" {Stlth+}
  1618 | D:2      | Reached XP level 4. HP: 33/40 MP: 3/3
  2267 | D:3      | Found a faded altar of an unknown god.
  2315 | D:3      | Reached *** piety under Trog
  2326 | D:3      | Reached XP level 5. HP: 46/46 MP: 4/4
  2446 | D:3      | Found an ornate altar of the Wu Jian Council.
  2977 | D:4      | HP: 3/69 [orc priest/nerve-wracking pain (14)]
  3021 | D:4      | Reached XP level 6. HP: 15/52 MP: 5/5
  3470 | D:4      | Found an opulent altar of Gozag.
  3865 | D:5      | Entered Level 5 of the Dungeon
  3975 | D:5      | Found Zurrog's Vocational Training.
  4081 | D:5      | Reached XP level 7. HP: 37/58 MP: 6/6
  4269 | D:5      | Noticed Pikel
  4292 | D:5      | Killed Pikel
  4293 | D:5      | Reached XP level 8. HP: 54/66 MP: 7/7
  4737 | D:5      | Found a shadowy altar of Dithmenos.
  5081 | D:6      | Found a hazy altar of Hepliaklqana.
  5906 | D:6      | Reached XP level 9. HP: 71/71 MP: 8/8
  6175 | D:6      | Reached skill level 5 in Fighting
  6226 | D:6      | Reached **** piety under Trog
  6373 | D:6      | Noticed a two-headed ogre
  6379 | D:6      | Killed a two-headed ogre
  6380 | D:6      | Reached skill level 5 in Armour
  6555 | D:7      | Found a snail-covered altar of Cheibriados.
  7224 | D:7      | Found a runed translucent door.
  7225 | D:7      | Noticed Crazy Yiuf
  7283 | D:7      | Noticed Prince Ribbit
  7298 | D:7      | Killed Prince Ribbit
  7368 | D:7      | Reached XP level 10. HP: 88/88 MP: 9/9
  7370 | D:7      | Found a staircase to the Ecumenical Temple.
  7427 | D:7      | Found an ancient bone altar of Kikubaaqudgha.
  7564 | D:7      | Found a broken altar of Ashenzari.
  8044 | D:7      | Killed Crazy Yiuf
  8813 | D:8      | Noticed Grum
  8821 | D:8      | Killed Grum
  9203 | D:9      | Reached skill level 10 in Fighting
  9262 | D:9      | Found a glowing silver altar of Zin.
  9345 | D:9      | Reached skill level 10 in Armour
  9618 | D:9      | Found a sparkling altar of Nemelex Xobeh.
  9651 | D:9      | Found a shimmering blue altar of Sif Muna.
  9894 | D:9      | Found a bloodstained altar of Trog.
  9967 | D:9      | Found a blossoming altar of Fedhas.
 10012 | D:9      | Found a staircase to the Lair.
 10034 | D:9      | Found Zevik's Firing Range.
 10131 | D:9      | Found Otaniorch's Distillery.
 10139 | D:9      | Bought a potion of heal wounds for 70 gold pieces
 10139 | D:9      | Bought a potion of might for 56 gold pieces
 10139 | D:9      | Bought a potion of heal wounds for 70 gold pieces
 10252 | D:10     | Entered Level 10 of the Dungeon
 10422 | D:10     | Found a staircase to the Orcish Mines.
 10434 | D:10     | Reached XP level 11. HP: 87/102 MP: 10/10
 10728 | D:10     | Found an iron altar of Okawaru.
 11871 | D:11     | Found Vorad's Antique Weapon Shoppe.
 11874 | D:11     | Bought a crystal hand axe for 224 gold pieces
 11874 | D:11     | Identified the +3 hand axe of Paceo {pain, Str+3 Int+2}
                  | (You bought it in a shop on level 11 of the Dungeon)
 12026 | D:11     | You are sucked into a shaft and drop 2 floors!
 12051 | D:13     | Noticed a centaur warrior
 12057 | D:13     | Killed a centaur warrior
 12066 | D:13     | Noticed an eight-headed hydra
 12067 | D:13     | Noticed a seven-headed hydra
 12094 | D:13     | Killed a 13-headed hydra
 12104 | D:13     | Killed a 15-headed hydra
 12284 | D:13     | Noticed Urug
 12349 | D:13     | Noticed a centaur warrior
 12357 | D:12     | Killed Urug
 12502 | D:12     | Noticed a brown ugly thing
 12515 | D:12     | Killed a brown ugly thing
 12655 | D:12     | Noticed a two-headed ogre
 12660 | D:12     | Killed a two-headed ogre
 12661 | D:12     | Reached XP level 12. HP: 102/116 MP: 11/11
 12899 | D:12     | Noticed an eight-headed hydra
 12921 | D:12     | Killed a 16-headed hydra
 13319 | D:12     | Noticed an eight-headed hydra
 13333 | D:12     | Killed a 13-headed hydra
 13539 | D:12     | Noticed a two-headed ogre
 13543 | D:12     | Killed a two-headed ogre
 13558 | D:12     | HP: 5/118 [burnt (1)]
 13625 | D:12     | Identified the +5 spear "Pushio" {drain, rPois rC- Str+5
                  | Dex-4}
 13632 | D:12     | Noticed a centaur warrior
 13639 | D:12     | Killed a centaur warrior
 13640 | D:12     | Reached skill level 15 in Fighting
 14047 | Lair:1   | Entered Level 1 of the Lair of Beasts
 14080 | Orc:1    | Entered Level 1 of the Orcish Mines
 14205 | Orc:1    | Reached skill level 15 in Armour
 14355 | Lair:1   | Noticed Erica
 14366 | Lair:1   | Killed Erica
 14429 | Lair:1   | Noticed a death yak
 14440 | Lair:1   | Killed a death yak
 14999 | Lair:1   | Noticed a six-headed hydra
 15009 | Lair:1   | Killed a three-headed hydra
 15888 | Lair:2   | Noticed a six-headed hydra
 15897 | Lair:2   | Killed a four-headed hydra
 15898 | Lair:2   | Reached skill level 1 in Evocations
 16152 | Lair:2   | Reached XP level 13. HP: 120/128 MP: 12/12
 17181 | Lair:3   | Found a staircase to the Snake Pit.
 17660 | Lair:3   | Reached skill level 15 in Axes
 17679 | Lair:3   | Found a staircase to the Swamp.
 17721 | Lair:3   | Found a runed translucent door.
 17745 | Lair:3   | Noticed TheSexyCheese's ghost (journeyman HOFi)
 18195 | Lair:3   | Killed TheSexyCheese's ghost
 18196 | Lair:3   | Reached skill level 5 in Dodging
 19125 | Lair:5   | Entered Level 5 of the Lair of Beasts
 19353 | Lair:5   | Noticed a dire elephant
 19409 | Lair:4   | Killed a dire elephant
 19567 | Lair:5   | Found a hide-covered altar of Uskayaw.
 19585 | Lair:5   | Reached XP level 14. HP: 122/138 MP: 13/13
 20047 | Lair:5   | Reached skill level 5 in Evocations
 20240 | Lair:5   | Identified the +7 trident "Goblinbane" {freeze, rC+ rCorr
                  | Str-3 SInv}
 20340 | Lair:5   | Found a staircase to the Slime Pits.
 20893 | Orc:2    | Entered Level 2 of the Orcish Mines
 21049 | Orc:2    | Found Daucvat's Book Emporium.
 21648 | Orc:2    | Reached ***** piety under Trog
 21651 | Orc:2    | Noticed Saint Roka
 21657 | Orc:2    | HP: 8/198 [Saint Roka/divine providence (12)]
 21659 | Orc:2    | Killed from afar by an orc priest

Illustrated notes

Levels and vault maps discovered:
D:1:      shiori_shiawase, layout_loops_ring, minmay_small_reverse_x
D:2:      wad_lake_hut, layout_basic, serial_shops, shop
D:3:      layout_rooms, mainiacjoe_overflow_six_doors_small,
          hellmonk_ecumenical_altar_dog_temple, lemuel_flame_loot_1
D:4:      layout_loops_cross, lemuel_doored_altar, minmay_liquid_box,
          grunt_ministairs_10
D:5:      layout_loops_ring, kennysheep_diamond, nicolae_shop_vocational,
          uniq_pikel
D:6:      nicolae_cairo_tiling_very_big, layout_loops_corners,
          old_standard_altar
D:7:      layout_loops_ring, lemuel_coloured_pillars_altar,
          mainiacjoe_overflow_paths, cheibriados_altar_1,
          minmay_temple_entry_mini_moons, worms_lemuel, uniq_crazy_yiuf_cottage,
          uniq_prince_ribbit1
D:8:      layout_loops_corners, uniq_grum
D:9:      layout_roguey, nicolae_sif_muna_condensation,
          trog_three_pillars_becter, mainiacjoe_overflow_surrounded_room,
          mainiacjoe_overflow_small_starburst, lemuel_round_altar,
          due_lair_maze_entry_diamond, serial_shops, shop,
          nicolae_shop_firing_range
D:10:     layout_irregular_city, okawaru_gym_becter,
          minmay_orc_entry_guard_dogs, minmay_crystal_water
D:11:     layout_basic, serial_shops, kennysheep_mini
D:12:     layout_roguey, minmay_misc_feat_nine_boxes, evilmike_minifort
D:13:     layout_basic, uniq_snorg, uniq_rupert, uniq_urug
Lair:1:   layout_chaotic_city, minivault_11, grunt_megastairs_5,
          serial_bayou_shore_a, uniq_erica
Lair:2:   cheibrodos_lair_overgrown_chateau, layout_regular_city,
          lemuel_fruit_fields
Lair:3:   layout_gridlike, swamp_mist, guppyfry_snake_entry_island,
          hellmonk_ghost_happy_afterlife, grunt_megastairs_4
Lair:4:   layout_misc_corridors
Lair:5:   gammafunk_lair_ancient_temple, layout_concentric_octagons,
          minmay_slime_entry_jelly_boxes, basic_altar
Orc:1:    layout_caves, serial_shops, nicolae_shop_statue_plus,
          nicolae_orc_rockfall, nicolae_orc_damp_corner, uniq_harold
Orc:2:    grunt_orc_cross, layout_diamond_mine, serial_shops, shop, shop

Skill      XL: |  1  2  3  4  5  6  7  8  9 10 11 12 13 14 |
---------------+-------------------------------------------+-----
Axes           | 4 5 6 8 9 11 14 15 16 | 16.1
Fighting       | 8 11 13 15 16 17 | 17.3
Armour         | 7 10 13 15 16 17 | 17.1
Dodging        | 3 6 7 |  7.6
Evocations     | 1 4 5 |  5.7

Action                   |  1- 3 |  4- 6 |  7- 9 | 10-12 | 13-15 || total
-------------------------+-------+-------+-------+-------+-------++-------
Melee: Hand axe          |   119 |   195 |   194 |   469 |   368 ||  1345
       Headbutt          |    12 |    17 |    38 |   103 |   118 ||   288
       Punch             |       |     3 |     2 |     3 |     8 ||    16
       Scimitar          |       |       |       |    10 |     8 ||    18
       Battleaxe         |       |       |       |       |    94 ||    94
 Fire: Sling             |       |       |    14 |     6 |       ||    20
Throw: Stone             |       |       |     6 |     3 |       ||     9
Invok: Berserk           |     1 |     4 |     8 |    29 |    18 ||    60
       Trog's Hand       |       |     3 |     2 |     9 |    12 ||    26
  Use: Scroll            |       |     4 |     2 |    15 |     2 ||    23
       Potion            |       |       |     3 |     9 |    14 ||    26
 Stab: Sleeping          |     2 |       |       |       |       ||     2
Armor: Animal skin       |     3 |       |       |       |       ||     3
       Plate armour      |    82 |   131 |   104 |   271 |   235 ||   823
Dodge: Dodged            |    38 |    61 |    84 |   174 |   214 ||   571
Block: Other             |       |       |     4 |    94 |    57 ||   155
       Reflection        |       |       |       |     9 |       ||     9
